 Dungeon Crawl Stone Soup version 0.20.1-1-g8b1a95d (webtiles) character file.

109 Anon1729 the Sneak (level 4, 0/27 HPs)
             Began as an Octopode Earth Elementalist on Dec 3, 2017.
             Killed by divine providence
             ... invoked by an orc priest
              (12 damage)
             ... on level 3 of the Dungeon.
             The game lasted 00:04:45 (2270 turns).

Anon1729 the Sneak (Octopode Earth Elementalist)    Turns: 2270, Time: 00:04:45

Health: 0/27       AC:  1    Str:  7    XL:     4   Next: 89%
Magic:  8/8        EV: 14    Int: 18    God:
Gold:   169        SH:  0    Dex: 12    Spells: 5/9 levels left

rFire    . . .     SeeInvis .   (no weapon)
rCold    . . .     Gourm    .   (no shield)
rNeg     . . .     Faith    .   (helmet restricted)
rPois    .         Spirit   .   (no amulet)
rElec    .         Reflect  .   h - ring of protection from magic
rCorr    .         Harm     .   (no ring)
MR       +....                  (no ring)
Stlth    +++.......             (no ring)
Regen    0.1/turn               (no ring)
MPRegen  0.2/turn               (no ring)
                                (no ring)
                                (no ring)

@: no status effects
A: almost no armour, stealthy swim, amphibious, 8 rings, constrict 8, camouflage
1, gelatinous body 1
a: no special abilities


You were on level 3 of the Dungeon.
You were hungry.

You visited 1 branch of the dungeon, and saw 3 of its levels.

You collected 169 gold pieces.

Inventory:

Missiles
 b - 79 stones (quivered)
Magical Staves
 l - an uncursed staff of air
Jewellery
 h - a ring of protection from magic (left tentacle)
Scrolls
 e - 2 scrolls of immolation {unknown}
 f - a scroll of fear {unknown}
 g - a scroll of fog {unknown}
 k - a scroll of identify {unknown}
 m - a scroll of remove curse {unknown}
 n - 2 scrolls of teleportation {unknown}
 p - a scroll of enchant armour {unknown}
Potions
 a - 2 potions of lignification {unknown}
 i - 5 potions of curing {unknown}
 j - 2 potions of flight {unknown}
Books
 d - a book of Geomancy

   Spells                             Type                      Level
   a - Sandblast                      Earth                        1
   b - Passwall                       Transmutation/Earth          2
   c - Stone Arrow                    Conjuration/Earth            3
   d - Petrify                        Transmutation/Earth          4
   e - Lee's Rapid Deconstruction     Earth                        5
Comestibles
 c - 5 bread rations
 o - 5 chunks of flesh


   Skills:
 + Level 3.0 Dodging
 + Level 3.8 Stealth
 * Level 3.0 Spellcasting
 * Level 1.0 Conjurations
   Level 1.0 Transmutations
 * Level 3.4 Earth Magic


You had 5 spell levels left.
You knew the following spells:

 Your Spells              Type           Power        Failure   Level  Hunger
a - Sandblast             Erth           ##....       4%          1    None
b - Stone Arrow           Conj/Erth      ##....       21%         3    ###....


Dungeon Overview and Level Annotations

Branches:
Dungeon (3/15)

Altars:


Innate Abilities, Weirdness & Mutations

You cannot wear most types of armour.
You are very stealthy in the water. (Stealth+)
You are amphibious.
You can wear up to eight rings at the same time.
You can use your tentacles to constrict eight enemies at once.
Your skin changes colour to match your surroundings (Stealth+).
Your rubbery body absorbs attacks. (AC +1, EV +1)


Message History

You tentacle-slap the orc but do no damage.
The orc is heavily wounded.
You constrict the orc, but do no damage.
The bat hits you.
The orc struggles to escape constriction.
The orc wizard casts a spell at you. The magic dart hits you!
The orc priest mumbles some strange prayers to Beogh against you.
You resist with some effort.
You are too injured to fight recklessly!
Unknown command.
You release your grip on the orc.
The bat misses you. The orc priest misses you.
The bat hits you but does no damage.
Some of the chunks of flesh in your inventory have rotted away.
An orc comes into view.
The bat barely misses you.
The orc priest calls down the wrath of Beogh upon you.
Beogh smites you!
You die...

'..###.#..##.##........##
#......##.#..............
.....####...........#..#
....#####......#.....#..
.#####....#.#.....##.#
#####..####.#.....##.##
......## #.#^....#...#
####### #.#....$ooo.#
#.....@boo.o#
o..##.##.[?S.o...# #....
###.......# #....
#........ ##.. #...###..
#. #...# . #####


You could see an orc priest, 2 orc wizards, an adder, 5 orcs and a bat.

Vanquished Creatures
  3 adders
  An ooze (D:2)
  4 worms (D:2)
  A dart slug (D:2)
  A leopard gecko (D:2)
  5 orcs (D:3)
  A ball python (D:1)
  10 bats
  4 giant cockroaches
  7 goblins
  5 hobgoblins
  3 jackals (D:2)
  4 frilled lizards (D:2)
  A kobold (D:3)
  6 rats
56 creatures vanquished.

Notes
Turn   | Place    | Note
-------+----------+-------------------------------------------
     0 | D:1      | Anon1729 the Octopode Earth Elementalist began the quest for the Orb.
     0 | D:1      | Reached XP level 1. HP: 11/11 MP: 3/3
   208 | D:1      | Reached XP level 2. HP: 12/17 MP: 5/5
   580 | D:2      | Reached XP level 3. HP: 21/21 MP: 2/6
   606 | D:2      | Learned a level 3 spell: Stone Arrow
  1421 | D:2      | Reached XP level 4. HP: 16/27 MP: 1/8
  2222 | D:3      | Reached skill level 1 in Conjurations
  2270 | D:3      | Killed from afar by an orc priest

Skill      XL: |  1  2  3  4 |
---------------+-------------+-----
Stealth        | 3 |  3.8
Dodging        | 3 |  3.0
Spellcasting   | 3 |  3.0
Conjurations   | 1 |  1.0
Transmutations | |  1.0
Earth Magic    | |  3.4

Action                   |  1- 3 |  4- 6 || total
-------------------------+-------+-------++-------
Melee: Unarmed           |    97 |    69 ||   166
       Constrict         |    26 |    17 ||    43
       Tentacles         |    14 |    11 ||    25
       Staff             |     5 |       ||     5
 Cast: Sandblast         |    18 |     7 ||    25
 Stab: Sleeping          |     5 |     5 ||    10
  Eat: Chunk             |     2 |     2 ||     4
Armor: Skin              |    14 |    14 ||    28
Dodge: Dodged            |    83 |    57 ||   140
